[Event "Titled Tuesday Blitz March 21 Late 2023"]
[White "Moussard, Jules"]
[Black "Turayev, Shahruh"]
[WhiteFideId "642908"]
[BlackFideId "14003856"]
[WhiteElo "2610"]
[BlackElo "2171"]
[Result "1-0"]
[Round "02"]
[TimeControl "180+2"]
[Date "2023.03.21"]
[WhiteClock "0:01:13"]
[BlackClock "0:00:15"]

1. e4 e6 2. d4 d5 3. exd5 exd5 4. Nf3 Bd6 5. Bd3 Nc6 6. O-O Bg4 7. h3 Bh5 8. c3 Qd7 9. b4 Nf6 10. Re1+ Ne7 11. Bg5 h6 12. Bh4 O-O-O 13. Nbd2 g5 14. Bg3 g4 15. Ne5 Bxe5 16. Rxe5 Kb8 17. Bh4 gxh3 18. Rxh5 Nxh5 19. Qxh5 hxg2 20. Bg3 Rdg8 21. Nf3 Ng6 22. Re1 Re8 23. Ne5 Nxe5 24. Rxe5 Rxe5 25. dxe5 d4 26. c4 Qa4 27. Kxg2 Qxb4 28. Qxf7 Rf8 29. Qg7 Rc8 30. Bf5 Qf8 31. Qxf8 Rxf8 32. e6 Re8 33. Kf3 a6 34. Ke4 b5 35. cxb5 axb5 36. Kxd4 Kb7 37. Ke5 c5 38. Bg6 Rh8 39. e7 b4 40. e8=Q 1-0


[Site "https://www.chess.com"]

[Event "Titled Tuesday Blitz March 21 Late 2023"]
[White "Sokac, Marko"]
[Black "Plat, Vojtech"]
[WhiteFideId "14531356"]
[BlackFideId "325740"]
[WhiteElo "2355"]
[BlackElo "2542"]
[Result "0-1"]
[Round "02"]
[TimeControl "180+2"]
[Date "2023.03.21"]
[WhiteClock "0:00:07"]
[BlackClock "0:01:15"]

1. e4 d6 2. Nc3 Nf6 3. d4 e5 4. Nf3 Nbd7 5. Rg1 exd4 6. Nxd4 Nc5 7. f3 g6 8. Be3 Bg7 9. g4 O-O 10. Qd2 Re8 11. O-O-O Nfd7 12. Kb1 c6 13. h4 Ne5 14. Be2 b5 15. f4 Nc4 16. Bxc4 bxc4 17. Nxc6 Qb6 18. Nd4 Rb8 19. b3 cxb3 20. cxb3 Bb7 21. Nd5 Bxd5 22. exd5 Ne4 23. Qd3 Qb4 24. Rc1 Nc5 25. Qc3 Qxc3 26. Rxc3 Rxe3 0-1


[Site "https://www.chess.com"]

[Event "Titled Tuesday Blitz March 21 Late 2023"]
[White "Zakhartsov, Vladimir"]
[Black "Sielecki, Christof"]
[WhiteFideId "4145097"]
[BlackFideId "4620437"]
[WhiteElo "2521"]
[BlackElo "2443"]
[Result "1-0"]
[Round "02"]
[TimeControl "180+2"]
[Date "2023.03.21"]
[WhiteClock "0:00:53"]
[BlackClock "0:00:20"]

1. c4 e6 2. d4 d5 3. Nc3 Nf6 4. Nf3 a6 5. e3 Nbd7 6. Be2 dxc4 7. Bxc4 b5 8. Bd3 Bb7 9. O-O c5 10. Qe2 Be7 11. Rd1 Qb6 12. a4 b4 13. a5 Qc7 14. Na4 Qxa5 15. Bd2 cxd4 16. exd4 Qh5 17. Ne5 Qxe2 18. Bxe2 Nxe5 19. dxe5 Nd5 20. Bf3 O-O 21. Nb6 Rad8 22. Nc4 Rc8 23. Na5 Ba8 24. Nb3 Bb7 25. Na5 Ba8 26. Nb3 Nc7 27. Bxa8 Rxa8 28. Rdc1 Nd5 29. Rc6 h5 30. Rcxa6 Rxa6 31. Rxa6 Rc8 32. Ra1 Rc2 33. Rb1 g5 34. Kf1 Kh7 35. Ke2 Kg6 36. Kd3 Rc7 37. Nd4 Bc5 38. Rc1 Bxd4 39. Rxc7 Nxc7 40. Kxd4 Nd5 41. Kc4 Kf5 42. Bxb4 Kxe5 43. Bc5 Nf4 44. b4 1-0


[Site "https://www.chess.com"]

[Event "Titled Tuesday Blitz March 21 Late 2023"]
[White "Van Foreest, Lucas"]
[Black "Blomqvist, Erik"]
[WhiteFideId "1039792"]
[BlackFideId "1709437"]
[WhiteElo "2519"]
[BlackElo "2436"]
[Result "1-0"]
[Round "02"]
[TimeControl "180+2"]
[Date "2023.03.21"]
[WhiteClock "0:01:02"]
[BlackClock "0:00:05"]

1. e4 c5 2. Qg4 e6 3. Qg3 Nc6 4. Nf3 Nf6 5. Nc3 a6 6. a3 d5 7. d3 g6 8. e5 Nd7 9. Bf4 Bg7 10. h4 h6 11. O-O-O b5 12. Re1 b4 13. Nxd5 exd5 14. e6 Nf6 15. Bc7 Nh5 16. Qh2 Qf6 17. Qd6 Qxb2+ 18. Kd1 Qb1+ 19. Kd2 Bc3+ 20. Ke3 d4+ 21. Ke4 f5+ 22. Kd5 Ne7+ 23. Kxc5 1-0


[Site "https://www.chess.com"]

[Event "Titled Tuesday Blitz March 21 Late 2023"]
[White "Poliakova, Varvara"]
[Black "Ashraf, Artin"]
[WhiteFideId "13518313"]
[BlackFideId "22514805"]
[WhiteElo "2075"]
[BlackElo "2188"]
[Result "0-1"]
[Round "02"]
[TimeControl "180+2"]
[Date "2023.03.21"]
[WhiteClock "0:00:15"]
[BlackClock "0:00:15"]

1. e4 c5 2. Nf3 d6 3. d4 cxd4 4. Nxd4 Nf6 5. Nc3 a6 6. h3 e5 7. Nde2 h5 8. g3 Be6 9. Bg2 Nbd7 10. O-O Be7 11. Be3 Rc8 12. a4 O-O 13. a5 Qc7 14. Qd2 Rfd8 15. Rfc1 Qc6 16. Nd5 Bxd5 17. exd5 Qc7 18. c4 g6 19. b4 Bf8 20. Bf1 Qb8 21. Nc3 Nh7 22. Na4 Rc7 23. Nb6 f5 24. Nxd7 Rcxd7 25. Bh6 Nf6 26. Bxf8 Rxf8 27. Qg5 Kg7 28. Bd3 e4 29. Bb1 Qd8 30. Qd2 Qe7 31. Qe3 Rc8 32. Ba2 Rdc7 33. Qd4 Kh7 34. Rc2 Nd7 35. Rac1 Ne5 36. Kg2 Nd3 37. Rb1 h4 38. c5 Qe5 39. Qxe5 Nxe5 40. Bc4 dxc5 41. d6 Rc6 42. Be6 Re8 43. d7 Rd8 44. Bd5 Rd6 45. Bxb7 c4 46. b5 axb5 47. a6 R6xd7 48. Rxb5 Nd3 49. Rxc4 Ne1+ 50. Kf1 Nf3 51. Rbc5 Rd1+ 52. Ke2 Re1# 0-1


[Site "https://www.chess.com"]

[Event "Titled Tuesday Blitz March 21 Late 2023"]
[White "Rostovtsev, Dmitry"]
[Black "Marjanovic, Annamaria"]
[WhiteFideId "34278320"]
[BlackFideId "750930"]
[WhiteElo "2280"]
[BlackElo "2212"]
[Result "1-0"]
[Round "02"]
[TimeControl "180+2"]
[Date "2023.03.21"]
[WhiteClock "0:01:38"]
[BlackClock "0:00:07"]

1. e4 e6 2. d4 d5 3. Nc3 Nf6 4. e5 Nfd7 5. f4 c5 6. Nf3 Nc6 7. Be3 a6 8. Qd2 b5 9. Nd1 Qb6 10. Be2 b4 11. O-O c4 12. Nf2 a5 13. g4 g6 14. f5 gxf5 15. gxf5 exf5 16. Nh3 Ba6 17. c3 Ne7 18. Kh1 O-O-O 19. Nfg5 Qg6 20. Rg1 Nc6 21. Nf4 Qg7 22. Nge6 Qh6 23. Nxd8 Nxd8 24. Ng6 Qg7 25. Nxh8 Qxh8 26. Bh6 Bb7 27. Raf1 Ne6 28. Rxf5 Bxh6 29. Qxh6 Qe8 30. Qxh7 f6 31. Rg8 Nef8 32. Qh5 Qe6 33. Rxf6 Qxg8 34. Qf7 Qg5 35. Rf1 Qh6 36. Bg4 Qh4 37. Qxf8+ Kc7 38. Qd6+ Kc8 39. Bxd7+ Kd8 40. Rf8# 1-0


[Site "https://www.chess.com"]

[Event "Titled Tuesday Blitz March 21 Late 2023"]
[White "Idani, Pouya"]
[Black "Cremisi, Daniel"]
[WhiteFideId "12510130"]
[BlackFideId "2089882"]
[WhiteElo "2574"]
[BlackElo "2172"]
[Result "1-0"]
[Round "02"]
[TimeControl "180+2"]
[Date "2023.03.21"]
[WhiteClock "0:01:21"]
[BlackClock "0:01:25"]

1. e4 e6 2. d4 d5 3. Nc3 dxe4 4. Nxe4 Bd7 5. Nf3 Bc6 6. Bd3 Nd7 7. Bf4 Ngf6 8. Nxf6+ Nxf6 9. c3 Bd6 10. Ne5 Bxe5 11. Bxe5 O-O 12. Qc2 g6 13. O-O-O Nd7 14. Bg3 Rc8 15. f3 Nf6 16. Kb1 Nd5 17. Qd2 a6 18. h4 Ne7 19. h5 Bb5 20. c4 Bc6 21. hxg6 fxg6 22. Be5 Nf5 23. g4 Bxf3 24. gxf5 Bxh1 25. fxg6 Bf3 26. Rg1 hxg6 27. Rxg6+ Kf7 28. Rg7+ 1-0


[Site "https://www.chess.com"]

[Event "Titled Tuesday Blitz March 21 Late 2023"]
[White "Ismagilov, Damir"]
[Black "Galaktionov, Artem"]
[WhiteFideId "34199982"]
[BlackFideId "24175471"]
[WhiteElo "2078"]
[BlackElo "2340"]
[Result "0-1"]
[Round "02"]
[TimeControl "180+2"]
[Date "2023.03.21"]
[WhiteClock "0:00:02"]
[BlackClock "0:00:38"]

1. d4 c6 2. Nf3 g6 3. e4 d6 4. Bd3 Bg7 5. O-O Nd7 6. Re1 e5 7. c3 Ngf6 8. Nbd2 O-O 9. h3 Qc7 10. a4 b6 11. a5 Rb8 12. axb6 axb6 13. Qc2 b5 14. b4 Nb6 15. Bb2 Na4 16. Nb3 Nxb2 17. Qxb2 Nd7 18. Qc2 Qb6 19. Ra5 Bb7 20. Rea1 Rfe8 21. d5 Rec8 22. dxc6 Bxc6 23. Ra6 Qd8 24. Na5 Ba8 25. Qb3 Nb6 26. Nd2 Qd7 27. c4 Bh6 28. Nf3 bxc4 29. Nxc4 Nxc4 30. Bxc4 Bxe4 31. Ra7 Rc7 32. Rxc7 Qxc7 33. Ne1 Qb7 34. b5 d5 35. Bf1 Qb6 36. Ra2 Bf8 37. Nf3 Qf6 38. Nd2 Bc5 39. Nxe4 dxe4 40. Bc4 Kg7 41. Rc2 Bd4 42. Re2 Qf4 43. Qc2 f5 44. Bd5 Rxb5 45. Qc7+ Kh6 46. Ba2 Rc5 47. g3 Qc1+ 48. Kg2 Rxc7 0-1


[Site "https://www.chess.com"]

[Event "Titled Tuesday Blitz March 21 Late 2023"]
[White "Urazayev, Arystanbek"]
[Black "Rastbod, Ali"]
[WhiteFideId "13709810"]
[BlackFideId "12567477"]
[WhiteElo "2479"]
[BlackElo "2211"]
[Result "1-0"]
[Round "02"]
[TimeControl "180+2"]
[Date "2023.03.21"]
[WhiteClock "0:00:28"]
[BlackClock "0:00:03"]

1. d4 Nf6 2. c4 e6 3. Nf3 Bb4+ 4. Bd2 Be7 5. g3 b6 6. Bg2 Bb7 7. O-O O-O 8. Nc3 Ne4 9. Re1 Nxc3 10. Bxc3 Be4 11. d5 Bf6 12. Qd2 d6 13. dxe6 fxe6 14. Qe3 d5 15. Nd2 Bxg2 16. Qxe6+ Kh8 17. Kxg2 d4 18. Bb4 c5 19. Ba3 Re8 20. Qd5 Qxd5+ 21. cxd5 Na6 22. e4 dxe3 23. fxe3 b5 24. e4 b4 25. Rac1 Bg5 26. Rc2 Bxd2 27. Rxd2 Re5 28. d6 Rd8 29. Kf3 g5 30. h4 h6 31. hxg5 hxg5 32. Rh1+ Kg7 33. Rdh2 Re6 34. e5 Ree8 35. Rh7+ Kg8 36. Ke4 bxa3 37. Kf5 Nb8 38. Rh8+ 1-0


[Site "https://www.chess.com"]

[Event "Titled Tuesday Blitz March 21 Late 2023"]
[White "Papp, Levente"]
[Black "Raja Rithvik R"]
[WhiteFideId "751243"]
[BlackFideId "35007394"]
[WhiteElo "2380"]
[BlackElo "2402"]
[Result "1-0"]
[Round "02"]
[TimeControl "180+2"]
[Date "2023.03.21"]
[WhiteClock "0:00:10"]
[BlackClock "0:00:10"]

1. b3 e5 2. Bb2 Nc6 3. c4 g6 4. g3 Bg7 5. Bg2 Nge7 6. Nc3 O-O 7. e3 d6 8. Nge2 f5 9. O-O e4 10. d3 exd3 11. Nf4 Ne5 12. Nxd3 Be6 13. Nxe5 Bxe5 14. Bxb7 Rb8 15. Bd5 Nxd5 16. cxd5 Bf7 17. Na4 Qf6 18. Bxe5 Qxe5 19. Rc1 Bxd5 20. Rxc7 Rbc8 21. Rxc8 Rxc8 22. Qd2 Bb7 23. Rc1 Rxc1+ 24. Qxc1 Kf8 25. Kf1 Qe4 26. Qb2 Qd3+ 27. Ke1 Bf3 28. Nc3 d5 29. Qd2 Qa6 30. Qd4 Qa3 31. Qh8+ Kf7 32. Qxh7+ Kf6 33. Qh8+ Kf7 34. Qh7+ Kf8 35. Qh8+ Ke7 36. Qe5+ Kf7 37. Qc7+ Kg8 38. Qd8+ Kf7 39. Qc7+ Kf6 40. Qd8+ Kg7 41. Qc7+ Kh6 42. Qf4+ g5 43. Qxf3 Qc1+ 44. Nd1 Qc2 45. Qxd5 g4 46. Qd6+ Kg5 47. Qd2 Qe4 48. Nc3 Qh1+ 49. Ke2 Qf3+ 50. Kd3 Qh1 51. e4+ Kf6 52. exf5 Qf3+ 53. Qe3 Qxf5+ 54. Ne4+ Kg6 55. Qf4 Qb5+ 56. Ke3 Qb6+ 57. Ke2 Qa6+ 58. Ke1 Qxa2 59. Qg5+ Kf7 60. Qf6+ Ke8 61. Qe6+ Kf8 62. Qxg4 Qb1+ 63. Ke2 Qc2+ 64. Kf1 Qd3+ 65. Kg2 Qxb3 66. Qc8+ Kg7 67. Qc7+ Kg6 68. Qxa7 Qd5 69. Qe3 Kf5 70. Qg5+ Kxe4 71. Qxd5+ Kxd5 72. h4 1-0


[Site "https://www.chess.com"]

[Event "Titled Tuesday Blitz March 21 Late 2023"]
[White "Kobo, Ori"]
[Black "Riff, Vincent"]
[WhiteFideId "2812320"]
[BlackFideId "617776"]
[WhiteElo "2447"]
[BlackElo "2369"]
[Result "1-0"]
[Round "02"]
[TimeControl "180+2"]
[Date "2023.03.21"]
[WhiteClock "0:00:50"]
[BlackClock "0:01:34"]

1. e4 c5 2. Nc3 Nc6 3. Bb5 Nd4 4. Nf3 Nxb5 5. Nxb5 d6 6. d4 Nf6 7. O-O Nxe4 8. Re1 a6 9. Rxe4 axb5 10. dxc5 dxc5 11. Qe2 Qb6 12. Ne5 Bf5 13. Rf4 e6 14. Rxf5 exf5 15. Ng6+ Qe6 16. Qxb5+ Qd7 17. Qxd7+ Kxd7 18. Nxh8 Ke6 19. Bf4 Kf6 20. Re1 Rxa2 21. Be5+ Kg5 22. Nxf7+ Kg6 23. Nd8 1-0


[Site "https://www.chess.com"]

[Event "Titled Tuesday Blitz March 21 Late 2023"]
[White "MKlose11"]
[Black "Pap, Gyula"]
[BlackFideId "725323"]
[WhiteElo "2577"]
[BlackElo "2519"]
[Result "0-1"]
[Round "02"]
[TimeControl "180+2"]
[Date "2023.03.21"]
[WhiteClock "0:00:14"]
[BlackClock "0:00:07"]

1. e4 e5 2. Nf3 Nc6 3. d4 exd4 4. Bc4 Nf6 5. O-O Nxe4 6. Re1 d5 7. Bxd5 Qxd5 8. Nc3 Qh5 9. Nxe4 Be6 10. Bg5 Bd6 11. Nxd6+ cxd6 12. Bf4 Qd5 13. c3 O-O-O 14. c4 Qf5 15. Bg3 d3 16. b3 d5 17. c5 d4 18. Ne5 Bd5 19. Qxd3 Qxd3 20. Nxd3 Rhe8 21. Nf4 Be4 22. f3 Bc2 23. Rxe8 Rxe8 24. Kf2 d3 25. Nd5 d2 26. Nc3 Nb4 27. Bf4 Nd3+ 28. Kg3 Nxf4 29. Kxf4 Re1 30. Nd1 Bxd1 31. Kg3 Bc2 0-1


[Site "https://www.chess.com"]

[Event "Titled Tuesday Blitz March 21 Late 2023"]
[White "Bordi, Kevin"]
[Black "Medina Paz, Miguel"]
[WhiteFideId "621862"]
[BlackFideId "7300379"]
[WhiteElo "2810"]
[BlackElo "2428"]
[Result "1-0"]
[Round "02"]
[TimeControl "180+2"]
[Date "2023.03.21"]
[WhiteClock "0:00:13"]
[BlackClock "0:00:56"]

1. e4 e6 2. d4 d5 3. Nd2 Nf6 4. e5 Nfd7 5. c3 c5 6. Bd3 Nc6 7. Ngf3 cxd4 8. cxd4 Nb4 9. Be2 a5 10. a3 Nc6 11. O-O Nb6 12. Re1 Bd7 13. Nf1 h6 14. Ng3 g6 15. h4 a4 16. h5 g5 17. Nh2 Na5 18. Ng4 Be7 19. Bd2 Nb3 20. Rb1 Nc4 21. Bb4 Bxb4 22. axb4 Qb6 23. Nf6+ Ke7 24. Bxc4 dxc4 25. d5 Qxb4 26. Nge4 Rad8 27. Qf3 Nd4 28. Qc3 Qxc3 29. bxc3 Nb3 30. d6+ Kf8 31. Rb2 Bc6 32. Ra2 Ra8 33. Re3 Ra5 34. Nd2 b5 35. Nb1 Kg7 36. Na3 Rd8 37. Nc2 Bb7 38. Nb4 a3 39. Rg3 Nc1 40. Rc2 a2 41. Rxc1 Ra4 42. Ra1 Rda8 43. f4 Kh8 44. fxg5 hxg5 45. Rxg5 Ra3 46. Rxa2 Rxa2 47. Nxa2 b4 48. Nxb4 Bxg2 49. d7 Ra1+ 50. Kf2 Rf1+ 51. Ke2 Re1+ 52. Kxe1 1-0


[Site "https://www.chess.com"]

[Event "Titled Tuesday Blitz March 21 Late 2023"]
[White "Al Hosani, Omran"]
[Black "Bartel, Mateusz"]
[WhiteFideId "9308733"]
[BlackFideId "1112635"]
[WhiteElo "2177"]
[BlackElo "2521"]
[Result "1/2-1/2"]
[Round "02"]
[TimeControl "180+2"]
[Date "2023.03.21"]
[WhiteClock "0:00:20"]
[BlackClock "0:00:47"]

1. d4 Nf6 2. c4 g6 3. Nc3 Bg7 4. e4 O-O 5. Nf3 d6 6. Be2 e5 7. dxe5 dxe5 8. O-O Nc6 9. Bg5 h6 10. Qxd8 Rxd8 11. Bxf6 Bxf6 12. Nd5 Bg7 13. Nxc7 Rb8 14. Nd5 Bg4 15. Rfd1 Bxf3 16. Bxf3 Nd4 17. Rd3 Bf8 18. Bd1 Rbc8 19. Rc3 a5 20. a3 b5 21. cxb5 Nxb5 22. Rxc8 Rxc8 23. Ba4 Nd4 24. Kf1 Rb8 25. b4 axb4 26. axb4 Bxb4 27. Rb1 Bd6 28. Rxb8+ Bxb8 29. Ne7+ Kg7 30. Nc6 Nxc6 31. Bxc6 Ba7 32. f3 Kf6 33. g4 Kg5 34. Kg2 f6 35. h3 Kf4 36. Be8 g5 37. Bg6 Bd4 38. Bf5 Bc3 39. Bg6 Be1 40. Bf5 Bh4 41. Bg6 Be1 42. Bf5 Bh4 43. Bg6 Be1 1/2-1/2


[Site "https://www.chess.com"]

[Event "Titled Tuesday Blitz March 21 Late 2023"]
[White "Sanal, Vahap"]
[Black "Domingo Nunez, Alejandro"]
[WhiteFideId "6300545"]
[BlackFideId "22245561"]
[WhiteElo "2606"]
[BlackElo "2230"]
[Result "1/2-1/2"]
[Round "02"]
[TimeControl "180+2"]
[Date "2023.03.21"]
[WhiteClock "0:00:37"]
[BlackClock "0:00:18"]

1. Nf3 g6 2. e4 Bg7 3. d4 c6 4. Bd3 d5 5. c3 dxe4 6. Bxe4 Nf6 7. Bc2 O-O 8. O-O Nbd7 9. Re1 c5 10. h3 cxd4 11. Nxd4 Nc5 12. Be3 Ne6 13. Na3 Nd5 14. Nxe6 Bxe6 15. Bd4 Nf6 16. Bb3 Bxb3 17. Qxb3 Qd7 18. Rad1 Qc7 19. Nb5 Qc6 20. Rxe7 a6 21. Na3 b5 22. Nc2 Qd6 23. Rde1 Nd5 24. Bxg7 Kxg7 25. R7e5 Nf4 26. Nd4 Nd3 27. Rd5 Qf6 28. Nf5+ Kh8 29. Rxd3 Qxf5 30. Rd5 Qf4 31. g3 Qf3 32. Re3 Qf6 33. Rd7 Kg8 34. Qd5 Rad8 35. Ree7 Rxd7 36. Rxd7 Re8 37. Rd6 Re1+ 38. Kg2 Qe7 39. Rxa6 Qe2 40. Ra8+ Kg7 41. Qd4+ Kh6 42. Qe3+ Qxe3 43. fxe3 Re2+ 44. Kf3 Rxb2 45. Ra5 Kg7 46. a4 bxa4 47. Rxa4 Rc2 48. Rc4 Kf6 49. h4 h5 50. Rc6+ Kf5 51. c4 Ke5 52. Rc5+ Kd6 53. Rd5+ Ke6 54. Rd4 Ke5 55. Re4+ Kf5 56. Rf4+ Ke6 57. Rd4 Ke5 58. Rd5+ Ke6 59. Rc5 Kd6 60. Rc8 Kd7 61. Rc5 Kd6 1/2-1/2


[Site "https://www.chess.com"]

[Event "Titled Tuesday Blitz March 21 Late 2023"]
[White "Koellner, Ruben Gideon"]
[Black "Burg, Twan"]
[WhiteFideId "12993093"]
[BlackFideId "1010697"]
[WhiteElo "2303"]
[BlackElo "2422"]
[Result "1-0"]
[Round "02"]
[TimeControl "180+2"]
[Date "2023.03.21"]
[WhiteClock "0:00:05"]
[BlackClock "0:00:31"]

1. d4 Nf6 2. Nf3 d5 3. e3 c6 4. Nbd2 Bf5 5. Ne5 Nbd7 6. g4 Nxe5 7. gxf5 Ned7 8. Bd3 e5 9. fxe6 fxe6 10. f4 Qc7 11. Nf3 O-O-O 12. Ng5 Re8 13. Rg1 Re7 14. Bd2 h6 15. Nf3 g5 16. Ne5 Nxe5 17. fxe5 Nd7 18. Qh5 Bg7 19. O-O-O c5 20. c3 cxd4 21. exd4 Kb8 22. Kb1 Nb6 23. Rdf1 Nc4 24. Bc1 Rc8 25. Rf2 Qb6 26. Ka1 Nxe5 27. Bb1 Nc4 28. Rf7 Rec7 29. Rgf1 a5 30. Rxc7 Rxc7 31. Qe8+ Ka7 32. Re1 e5 33. dxe5 Bxe5 34. Rxe5 Nxe5 35. Qxe5 Qc6 36. Be3+ b6 37. a3 Rf7 38. Bd3 a4 39. Ka2 Qf6 40. Qxf6 Rxf6 41. Bb5 Rf3 42. Bd4 Rh3 43. Be5 g4 44. Bxa4 h5 45. Bd7 Re3 46. Bg3 Kb7 47. Kb3 Re7 48. Bf5 Rg7 49. Kc2 Kc6 50. Kd3 Rf7 51. Bg6 Rf3+ 52. Kd4 h4 53. Bxh4 Rf4+ 54. Ke3 Rf1 55. Bg3 Kc5 56. Bh5 Rb1 57. Bxg4 Rxb2 58. h4 Rb3 59. Be5 Rxa3 60. h5 b5 61. h6 b4 62. h7 Ra8 63. cxb4+ Kxb4 64. h8=Q Rxh8 65. Bxh8 Kc4 66. Bd4 Kb4 67. Kf4 Kc4 68. Ke5 Kd3 69. Kxd5 Kc2 70. Bf5+ Kd2 71. Be4 Ke2 72. Kc4 Kd2 73. Bd3 Kc1 74. Bc3 Kd1 75. Kd4 Kc1 76. Bf5 Kd1 77. Kd3 Kc1 78. Bg4 Kb1 79. Bd1 Kc1 80. Bb3 Kb1 81. Bd4 Kc1 82. Kc3 Kb1 83. Be3 Ka1 84. Bc1 Kb1 85. Ba3 Ka1 86. Be6 Kb1 87. Bf7 Ka1 88. Bb2+ Kb1 89. Bg6+ Ka2 90. Bf7+ Kb1 91. Ba3 Ka1 92. Kb3 Kb1 93. Bg6+ Ka1 94. Bb2# 1-0


[Site "https://www.chess.com"]

[Event "Titled Tuesday Blitz March 21 Late 2023"]
[White "Stoyanov, Tsvetan"]
[Black "Defend1r"]
[WhiteFideId "2917173"]
[WhiteElo "2349"]
[BlackElo "2562"]
[Result "0-1"]
[Round "02"]
[TimeControl "180+2"]
[Date "2023.03.21"]
[WhiteClock "0:00:04"]
[BlackClock "0:00:23"]

1. e4 c5 2. Nf3 d6 3. Bb5+ Nd7 4. a4 a6 5. Bxd7+ Bxd7 6. O-O Nf6 7. Re1 e6 8. d4 cxd4 9. Nxd4 Be7 10. c4 O-O 11. Nc3 Qa5 12. Qb3 Rfc8 13. Be3 Qc7 14. Rac1 Qxc4 15. Qa3 Qc5 16. Qb3 Qh5 17. h3 Rab8 18. Nde2 b5 19. axb5 axb5 20. Ng3 Qg6 21. Qb4 h5 22. e5 Rc4 23. Qa5 dxe5 24. Qa7 Rbc8 25. Red1 b4 26. Nce2 Rxc1 27. Nxc1 h4 28. Nf1 Bc6 29. g3 hxg3 30. fxg3 Qe4 31. Rd2 Qh1+ 32. Kf2 Ne4+ 33. Ke2 Nxd2 34. Nxd2 Bb5+ 35. Kf2 Rxc1 0-1


[Site "https://www.chess.com"]

[Event "Titled Tuesday Blitz March 21 Late 2023"]
[White "Danielyan, Vahe"]
[Black "Pakleza, Zbigniew"]
[WhiteFideId "13304828"]
[BlackFideId "1119290"]
[WhiteElo "2423"]
[BlackElo "2410"]
[Result "1/2-1/2"]
[Round "02"]
[TimeControl "180+2"]
[Date "2023.03.21"]
[WhiteClock "0:00:20"]
[BlackClock "0:00:15"]

1. d4 d6 2. c4 e5 3. Nf3 exd4 4. Nxd4 g6 5. Nc3 Bg7 6. g3 Ne7 7. Bg2 O-O 8. O-O Nd7 9. e4 Nc6 10. Nc2 Nb6 11. Ne3 Re8 12. Re1 a5 13. Ncd5 Nd7 14. Rb1 a4 15. Bd2 Nc5 16. Bc3 Nxe4 17. Bxg7 Kxg7 18. Nxc7 Qxc7 19. Nd5 Qa5 20. Rxe4 Bf5 21. Rxe8 Rxe8 22. Rc1 a3 23. b4 Qd8 24. b5 Ne5 25. Qd4 f6 26. h3 h5 27. Rc3 Qa5 28. f4 Nd7 29. Re3 Rxe3 30. Qxe3 Qd8 31. Qxa3 Nc5 32. Qc3 Be4 33. Bxe4 Nxe4 34. Qe3 f5 35. Qd4+ Kf7 36. b6 Qa8 37. Nc3 Nxc3 38. Qxc3 Qxa2 39. Qd4 Qb1+ 40. Kf2 Qc2+ 41. Ke1 Qc1+ 42. Ke2 Qc2+ 43. Ke1 Qc1+ 44. Ke2 Qc2+ 45. Ke3 Qc1+ 46. Ke2 1/2-1/2


[Site "https://www.chess.com"]

[Event "Titled Tuesday Blitz March 21 Late 2023"]
[White "Melkumyan, Hrant"]
[Black "Ezat, Mohamed"]
[WhiteFideId "13302485"]
[BlackFideId "10600906"]
[WhiteElo "2604"]
[BlackElo "2386"]
[Result "1-0"]
[Round "02"]
[TimeControl "180+2"]
[Date "2023.03.21"]
[WhiteClock "0:01:29"]
[BlackClock "0:02:12"]

1. d4 Nf6 2. c4 g6 3. Nc3 Bg7 4. e4 O-O 5. Be2 d6 6. h4 h5 7. Nf3 c5 8. d5 e6 9. Bg5 exd5 10. cxd5 Re8 11. Nd2 a6 12. a4 Qc7 13. O-O Nbd7 14. Qc2 Nf8 15. Nc4 Ng4 16. Bxg4 Bxg4 17. Bf4 Rad8 18. Rfe1 Bf6 19. Bg3 Nh7 20. Nxd6 Rxd6 21. e5 Rdd8 22. exf6 Qb6 23. d6 Nxf6 24. Qd2 Kh7 25. Qf4 Kg7 26. Qxf6+ 1-0


[Site "https://www.chess.com"]

[Event "Titled Tuesday Blitz March 21 Late 2023"]
[White "TimGrutter03"]
[Black "Albornoz Cabrera, Carlos Daniel"]
[BlackFideId "3518736"]
[WhiteElo "2554"]
[BlackElo "2501"]
[Result "0-1"]
[Round "02"]
[TimeControl "180+2"]
[Date "2023.03.21"]
[WhiteClock "0:00:03"]
[BlackClock "0:00:19"]

1. e4 c5 2. Nf3 Nc6 3. Bb5 d6 4. O-O Bd7 5. d4 cxd4 6. Nxd4 Nf6 7. Re1 g6 8. c4 Bg7 9. Nc3 O-O 10. Bxc6 bxc6 11. b3 c5 12. Nf3 Nxe4 13. Rxe4 Bxc3 14. Bh6 Bxa1 15. Qxa1 e5 16. Bxf8 Qxf8 17. Re1 Bc6 18. Qd1 a5 19. a4 Qe7 20. Nd2 f5 21. Nb1 Kg7 22. Nc3 f4 23. Nd5 Qb7 24. Nc3 Rd8 25. f3 Qb4 26. Na2 Qb6 27. Nc3 Qc7 28. Re2 Qe7 29. Rd2 h5 30. Qe1 g5 31. Nd5 Bxd5 32. Rxd5 Rb8 33. Rd3 Rb4 34. Qe4 Kf6 35. Qa8 Rb6 36. Qxa5 Qb7 37. Qd2 Ke6 38. a5 Ra6 39. Qc2 Rxa5 40. Rd5 Qf7 41. Qd3 Ra6 42. Qe4 Qf5 43. Qxf5+ Kxf5 44. Kf2 Ra2+ 45. Kf1 Ke6 46. Rd3 Rb2 47. Kg1 g4 48. fxg4 hxg4 49. h3 g3 50. Rf3 Rb1+ 51. Rf1 Rxb3 52. h4 Kf5 53. Rd1 Rc3 54. Kh1 Rxc4 55. Rg1 Kg4 56. h5 Kxh5 57. Rf1 Kg5 58. Re1 Rd4 59. Rc1 c4 60. Ra1 c3 61. Rc1 c2 62. Rg1 Rd1 0-1


[Site "https://www.chess.com"]

[Event "Titled Tuesday Blitz March 21 Late 2023"]
[White "The_Sherman_Variation"]
[Black "Bolourchifard, Farzad"]
[BlackFideId "12510084"]
[WhiteElo "2548"]
[BlackElo "2317"]
[Result "0-1"]
[Round "02"]
[TimeControl "180+2"]
[Date "2023.03.21"]
[WhiteClock "0:01:59"]
[BlackClock "0:01:24"]

1. g3 d5 2. Bg2 Nf6 3. Nf3 Bf5 4. d3 e6 5. O-O Be7 6. b3 c5 7. Bb2 Nc6 8. Nbd2 O-O 9. Re1 Bg6 10. e4 d4 11. Nh4 Nd7 12. Rf1 Bxh4 13. gxh4 Qxh4 14. f4 Bh5 15. Qe1 Qxe1 16. Raxe1 e5 17. a3 b5 18. fxe5 Ndxe5 19. b4 cxb4 20. axb4 Rfd8 21. Nb3 f6 22. Nc5 Bf7 23. Bh3 Nxb4 24. Ne6 Bxe6 25. Bxe6+ Kh8 26. Bb3 a5 27. Ba3 a4 28. Bxb4 axb3 29. cxb3 Nxd3 0-1


[Site "https://www.chess.com"]

[Event "Titled Tuesday Blitz March 21 Late 2023"]
[White "Holt, Conrad"]
[Black "Mortazavi, Ali"]
[WhiteFideId "2034387"]
[BlackFideId "401323"]
[WhiteElo "2592"]
[BlackElo "2339"]
[Result "1-0"]
[Round "02"]
[TimeControl "180+2"]
[Date "2023.03.21"]
[WhiteClock "0:00:04"]
[BlackClock "0:00:01"]

1. d4 Nf6 2. c4 g6 3. Nc3 Bg7 4. e4 O-O 5. Nf3 d6 6. h3 e5 7. dxe5 dxe5 8. Qxd8 Rxd8 9. Bg5 c6 10. Nxe5 Re8 11. O-O-O Na6 12. Nf3 Nc5 13. e5 Nfe4 14. Nxe4 Nxe4 15. Be3 Bf8 16. Bd3 Nc5 17. Bc2 Be6 18. Rd4 b5 19. cxb5 cxb5 20. Kb1 Rac8 21. Ng5 Rc7 22. Nxe6 Nxe6 23. Rd5 Rec8 24. Rc1 Bc5 25. Bxc5 Rxc5 26. Rxc5 Rxc5 27. Re1 g5 28. g3 Kg7 29. Re4 Rd5 30. Kc1 Nc5 31. Re3 Ne6 32. Bb3 Rc5+ 33. Kd2 Nd4 34. Kd3 Nf5 35. Re1 h5 36. e6 fxe6 37. Bxe6 Nd6 38. Bb3 Rf5 39. Re7+ Kf8 40. Re2 a5 41. Be6 Rc5 42. Kd4 Rc1 43. Kd5 Ne8 44. Ke5 Rc5+ 45. Kd4 Rc1 46. a3 Kg7 47. Bf5 Nd6 48. Bd3 Kf6 49. Rc2 Rd1 50. Ke3 Re1+ 51. Re2 Rc1 52. Kd2 Rh1 53. Kc3 Rxh3 54. Kd4 h4 55. gxh4 gxh4 56. Rd2 Nf7 57. Bxb5 Rf3 58. Ke4 Rf5 59. Bf1 Ng5+ 60. Ke3 Rf3+ 61. Ke2 h3 62. Rd6+ Kg7 63. Rd7+ Kg6 64. Rd6+ Kh5 65. Rd8 Rb3 66. Rh8+ Kg4 67. Kd1 Rxb2 68. f4 Kxf4 69. Bxh3 Nxh3 70. Rxh3 Ke4 71. Kc1 1-0


[Site "https://www.chess.com"]